 Dungeon Crawl Stone Soup version 0.27-a0-1200-g94dc6ad4cf (webtiles) character file.

Game seed: 3542261111637307130

4190 Analysis the Spear-Bearer (level 10, -22/80 HPs)
             Began as a Merfolk Gladiator on May 29, 2021.
             Was an Initiate of Makhleb.
             Annihilated by a boulder beetle (25 damage)
             ... on level 8 of the Dungeon on May 30, 2021.
             The game lasted 01:13:13 (11126 turns).

Analysis the Spear-Bearer (Merfolk Gladiator)      Turns: 11126, Time: 01:13:14

Health: -22/80     AC: 13    Str: 15    XL:     10   Next: 29%
Magic:  13/13      EV: 17    Int:  7    God:    Makhleb [......]
Gold:   266        SH:  4    Dex: 19    Spells: 9/9 levels left

rFire    . . .     SeeInvis .   s - +2 trident
rCold    . . .     Faith    .   d - +0 buckler
rNeg     . . .     Spirit   .   u - +0 acid dragon scales
rPois    .         Reflect  .   k - +2 hat
rElec    .         Harm     .   t - +1 cloak {rCorr}
rCorr    +         Rampage  .   l - +2 pair of gloves
Will     .....                  (no boots)
Stlth    +.........             f - amulet of the acrobat
HPRegen  0.23/turn              (no ring)
MPRegen  0.13/turn              (no ring)

@: no status effects
A: (nimble swimmer 2), mertail
a: Renounce Religion


You were on level 8 of the Dungeon.
You worshipped Makhleb.
Makhleb was noncommittal.
You visited 2 branches of the dungeon, and saw 10 of its levels.

You collected 266 gold pieces.

Inventory:

Hand Weapons
 s - a +2 trident (weapon)
Armour
 d - a +0 buckler (worn)
 k - a +2 hat (worn)
 l - a +2 pair of gloves (worn)
 t - a +1 cloak of preservation (worn)
 u - +0 acid dragon scales (worn)
Jewellery
 f - an amulet of the acrobat (around neck)
 m - a ring of fire
Wands
 e - a wand of iceblast (18)
 n - a wand of flame (4)
Scrolls
 a - a scroll of vulnerability {unknown}
 i - a scroll of magic mapping {unknown}
 j - a scroll of holy word {unknown}
Potions
 b - a potion of lignification {unknown}
 c - a potion of heal wounds {unknown}
 g - a potion of resistance {unknown}
 h - a potion of mutation
 o - 2 potions of brilliance
 p - 2 potions of curing {unknown}


   Skills:
 + Level 8.0 Fighting
 + Level 14.1 Polearms
 - Level 2.0 Throwing
 + Level 10.0 Dodging
 + Level 4.1 Invocations


You had 9 spell levels left.
You didn't know any spells.
Your spell library contained the following spells:

 Spells                   Type           Power      Damage    Failure   Level
 Animate Skeleton         Necr           0%         N/A       73%         1
 Beastly Appendage        Tmut           0%         N/A       73%         1
 Corona                   Hex            0%         N/A       73%         1
 Magic Dart               Conj           0%         1d3       73%         1
 Pain                     Necr           0%         1d4       73%         1
 Summon Small Mammal      Summ           0%         N/A       73%         1
 Call Imp                 Summ           0%         N/A       86%         2
 Corpse Rot               Necr/Air       N/A        N/A       86%         2
 Ensorcelled Hibernation  Hex/Ice        0%         N/A       86%         2
 Searing Ray              Conj           0%         3d3       86%         2
 Sublimation of Blood     Necr           0%         N/A       86%         2
 Wereblood                Tmut           0%         N/A       86%         2
 Call Canine Familiar     Summ           0%         N/A       97%         3
 Confusing Touch          Hex            0%         N/A       97%         3
 Dazzling Flash           Conj/Hex       0%         N/A       97%         3
 Gell's Gravitas          Tloc           0%         N/A       97%         3
 Spider Form              Tmut/Pois      0%         N/A       97%         3
 Summon Guardian Golem    Hex/Summ       0%         N/A       97%         3
 Tukima's Dance           Hex            0%         N/A       97%         3
 Vampiric Draining        Necr           0%         2d6       97%         3
 Animate Dead             Necr           0%         N/A       100%        4
 Fulminant Prism          Conj/Hex       0%         3d6       100%        4
 Ice Form                 Ice/Tmut       0%         N/A       100%        4
 Iskenderun's Mystic Bla  Conj/Tloc      0%         2d3       100%        4
 Petrify                  Tmut/Erth      0%         N/A       100%        4
 Summon Ice Beast         Ice/Summ       0%         N/A       100%        4
 Summon Lightning Spire   Summ/Air       0%         N/A       100%        4
 Hydra Form               Tmut           0%         N/A       100%        5
 Metabolic Englaciation   Hex/Ice        0%         N/A       100%        5
 Yara's Violent Unravell  Hex/Tmut       0%         3d3       100%        5
 Simulacrum               Ice/Necr       0%         N/A       100%        6


Dungeon Overview and Level Annotations

Branches:
Dungeon (9/15)             Temple (1/1) D:7
   Lair: D:8-11         Orc: D:9-12

Altars:
Ashenzari
Cheibriados
Dithmenos
Elyvilon
Fedhas
Gozag
Hepliaklqana
Kikubaaqudgha
Makhleb
Nemelex Xobeh
Okawaru
Qazlal
Ru
Sif Muna
Trog
Uskayaw
Vehumet
Wu Jian
Xom
Yredelemnul
Zin
The Shining One

Shops:
D:6 [   D:7 :

Annotations:
D:4 3 runed translucent doors, celly00's ghost, amateur TeWz
D:5 Grinder
D:6 2 transporters
D:7 Harold


Innate Abilities, Weirdness & Mutations

((You are quick and stealthy near water. (Stealth+, EV+, Speed+++)))
Your lower body shifts to a powerful aquatic tail in water.


Message History

You hit the boulder beetle but do no damage.
The boulder beetle is moderately wounded.
You puncture the boulder beetle!
The boulder beetle is moderately wounded.
The boulder beetle bites you.
You hit the boulder beetle but do no damage.
The boulder beetle is moderately wounded.
The boulder beetle bites you!
You hit the boulder beetle but do no damage.
The boulder beetle is moderately wounded.
You hit the boulder beetle but do no damage.
The boulder beetle is moderately wounded.
The boulder beetle bites you!!
* * * LOW HITPOINT WARNING * * *
You hit the boulder beetle but do no damage.
The boulder beetle is moderately wounded.
The boulder beetle bites you!
* * * LOW HITPOINT WARNING * * *
You hit the boulder beetle but do no damage.
The boulder beetle is moderately wounded.
You hit the boulder beetle.
The boulder beetle is heavily wounded.
The boulder beetle bites you but does no damage.
You hit the boulder beetle.
The boulder beetle is heavily wounded.
You block the boulder beetle's attack.
You puncture the boulder beetle!
The boulder beetle is heavily wounded.
You hit the boulder beetle.
The boulder beetle is severely wounded.
The boulder beetle bites you but does no damage.
You puncture the boulder beetle!
The boulder beetle is almost dead.
The boulder beetle leaps!
You hit the boulder beetle.
The boulder beetle is almost dead.
You hit the boulder beetle but do no damage.
The boulder beetle is almost dead.
The boulder beetle bites you!!
You die...

...[...................#
#####.################.# # #.#
#.# # #.# #.# # #.# #.# # #.#
#.# #####'### #.# ##..[...#
#########.########## ##......#
#..@B............... ##......#
#>...........[..####
##......######.#######.#####.##
##...........#.# #.# #..#
....#........#.# #.# ##.##
###.#........#.# #.# #..#
#.#........#.# #.# ##.#
#.#........#.# #.#######.##
#.#.########.# #.........[.


You could see a boulder beetle.

Vanquished Creatures
  2 two-headed ogres
  A hornet (D:9)
  An acid dragon (D:7)
  3 water moccasins
  2 orc warriors (D:8)
  A sky beast (D:8)
  4 ogres
  2 necrophages
  A centaur (D:8)
  3 bullfrogs
  A scorpion (D:6)
  10 wights
  A howler monkey (D:6)
  A bullfrog zombie (D:7)
  3 orc priests
  2 bullfrog skeletons
  2 hounds
  Crazy Yiuf (D:7)
  A centaur skeleton (D:6)
  A scorpion zombie (D:5)
  6 iguanas
  3 orc wizards
  2 hound skeletons (D:4)
  A howler monkey zombie (D:7)
  5 adders
  2 worms
  2 dart slugs
  18 orcs
  3 bats
  9 endoplasms
  2 giant cockroaches
  4 goblins
  13 hobgoblins
  3 jackals (D:1)
  2 quokkas
  8 ball pythons
  4 frilled lizards
  6 kobolds
  5 rats
141 creatures vanquished.

Vanquished Creatures (others)
  An orc (D:9)
1 creature vanquished.

Grand Total: 142 creatures vanquished

Notes
Turn   | Place    | Note
-------+----------+-------------------------------------------
     0 | D:1      | Analysis the Merfolk Gladiator began the quest for the Orb.
     0 | D:1      | Reached XP level 1. HP: 16/16 MP: 1/1
   202 | D:1      | Reached XP level 2. HP: 23/23 MP: 2/2
   232 | D:1      | Reached skill level 5 in Polearms
   563 | D:1      | Reached XP level 3. HP: 28/28 MP: 3/3
   678 | D:1      | Found a faded altar of an unknown god.
   694 | D:1      | Identified the Compendium of Unholy Secrets
  1397 | D:2      | Reached XP level 4. HP: 25/35 MP: 4/4
  1765 | D:2      | Reached skill level 6 in Polearms
  1946 | D:3      | Found a sacrificial altar of Ru.
  2200 | D:3      | Reached skill level 5 in Dodging
  2200 | D:3      | Reached XP level 5. HP: 24/41 MP: 5/5
  2900 | D:4      | Noticed a necrophage
  2937 | D:4      | Noticed a water moccasin
  3154 | D:4      | Killed a water moccasin
  3155 | D:4      | Reached skill level 7 in Polearms
  3155 | D:4      | Reached XP level 6. HP: 16/48 MP: 6/6
  3614 | D:4      | Found a runed translucent gate.
  3615 | D:4      | Found a runed translucent gate.
  3616 | D:4      | Found a runed translucent gate.
  3618 | D:4      | Noticed celly00's ghost (amateur TeWz)
  3957 | D:4      | Reached skill level 8 in Polearms
  4402 | D:4      | Reached XP level 7. HP: 49/55 MP: 7/7
  5105 | D:5      | Entered Level 5 of the Dungeon
  5163 | D:5      | Noticed Grinder
  5198 | D:4      | Reached skill level 9 in Polearms
  5414 | D:5      | Reached skill level 5 in Fighting
  5628 | D:6      | Found Iracy's Armour Boutique.
  5789 | D:6      | Found a transporter.
  5794 | D:6      | Noticed a kobold demonologist
  5800 | D:6      | Noticed a kobold demonologist
  5804 | D:6      | Found a transporter.
  5862 | D:6      | Reached XP level 8. HP: 61/62 MP: 8/8
  5899 | D:6      | Reached skill level 10 in Polearms
  6853 | D:7      | Reached skill level 11 in Polearms
  7978 | D:7      | Found a runed translucent door.
  7979 | D:7      | Noticed Crazy Yiuf
  7989 | D:7      | Killed Crazy Yiuf
  7990 | D:7      | Reached XP level 9. HP: 44/66 MP: 9/9
  8179 | D:7      | Reached skill level 12 in Polearms
  8348 | D:7      | Found Yjagrept's Book Shoppe.
  8374 | D:7      | Noticed Harold
  8448 | D:7      | Found a staircase to the Ecumenical Temple.
  8457 | Temple   | Entered the Ecumenical Temple
  8558 | Temple   | Became a worshipper of Makhleb the Destroyer
  8983 | D:8      | Reached skill level 1 in Invocations
  9082 | D:8      | Upgraded the game from 0.27-a0-1196-g3e9cee4cb2 to
                  | 0.27-a0-1200-g94dc6ad4cf
  9802 | D:8      | Noticed a two-headed ogre
 10613 | D:9      | Noticed a troll
 10656 | D:9      | Noticed a two-headed ogre
 10664 | D:8      | Reached skill level 13 in Polearms
 10841 | D:9      | Noticed a hornet
 10862 | D:9      | Killed a hornet
 10933 | D:9      | Killed a two-headed ogre
 10934 | D:9      | Reached XP level 10. HP: 80/80 MP: 12/12
 10966 | D:8      | Killed a two-headed ogre
 10967 | D:8      | Reached skill level 14 in Polearms
 10967 | D:8      | Reached skill level 10 in Dodging
 11042 | D:9      | Noticed a boulder beetle
 11116 | D:8      | HP: 1/80 [boulder beetle (12)]
 11126 | D:8      | Annihilated by a boulder beetle

Illustrated notes

Levels and vault maps discovered:
D:1:      amcnicky_arrival_feature_with_door, layout_rooms,
          basic_ecumenical_altar
D:2:      layout_loops_ring
D:3:      layout_basic, nicolae_ru_awakened_eye, serial_park_tiny_pond
D:4:      minmay_thick_lines, layout_basic, gammafunk_ghost_necromancy
D:5:      layout_basic, kennysheep_generic_room_8, uniq_grinder
D:6:      gammafunk_wand_slinger, layout_gridville, serial_shops, shop_statue,
          kennysheep_generic_room_3
D:7:      layout_cave_pools, minmay_temple_entry_stoned_glass, serial_glass,
          glass_columns_c, glass_columns_a, glass_columns_a, glass_columns_c,
          glass_columns_a, glass_columns_a, glass_columns_c, glass_columns_a,
          glass_columns_a, glass_columns_a, glass_columns_a, glass_columns_a,
          glass_columns_a, glass_columns_a, feat_on_display, serial_shops,
          nicolae_shop_window_shopping, uniq_harold, uniq_crazy_yiuf_cottage
D:8:      layout_basic
D:9:      minmay_the_grid_octo_triangle [minmay_the_grid_octo_focus,
          minmay_the_grid_octo_prize_square_snowflake,
          minmay_the_grid_octo_shrine], layout_long_grid, minivault_13
Temple:   compressed_dpeg_circular_temple

Skill      XL: |  1  2  3  4  5  6  7  8  9 10 |
---------------+-------------------------------+-----
Polearms       | 5 6 7 8 9 11 13 14 | 14.1
Fighting       | 3 4 5 6 7 8 |  8.0
Dodging        | 5 6 8 9 10 | 10.0
Invocations    | 3 4 |  4.1
Throwing       | |  2.0

Action                   |  1- 3 |  4- 6 |  7- 9 | 10-12 || total
-------------------------+-------+-------+-------+-------++-------
Melee: Trident           |   126 |   189 |   483 |    25 ||   823
Throw: Throwing net      |       |     4 |     4 |       ||     8
Evoke: Wand              |       |       |    16 |     3 ||    19
  Use: Scroll            |       |       |     8 |       ||     8
       Potion            |       |       |     2 |       ||     2
 Stab: Sleeping          |     1 |     2 |       |       ||     3
       Held in net/web   |       |       |     2 |       ||     2
       Invisible         |       |       |     1 |       ||     1
Armor: Leather armour    |    17 |     1 |       |       ||    18
       Ring mail         |       |    39 |    43 |       ||    82
       Acid dragon scale |       |       |    25 |     3 ||    28
Dodge: Dodged            |    62 |    71 |   215 |     7 ||   355
Block: Buckler           |       |       |    15 |     2 ||    17

Table legend: (Time is in decaauts)
 A = Elapsed time spent in this place.
 B = Non-inter-level travel time spent in this place.
 C = Inter-level travel time spent in this place.
 D = Time resting spent in this place.
 E = Time spent auto-exploring this place.
 F = Levels seen in this place.
 G = Mean time per level.
                   A        B        C        D        E       F      G
               +--------+--------+--------+--------+--------+-----+--------+
         Total |  11009 |  10414 |    595 |   3700 |   3342 |  10 | 1100.9 |
       Dungeon |  10893 |  10311 |    582 |   3700 |   3269 |   9 | 1210.3 |
        Temple |    115 |    102 |     13 |      0 |     73 |   1 |  115.0 |
               +--------+--------+--------+--------+--------+-----+--------+

Top non-repeatable levels by time:
     D:4: 2207 daAuts
     D:6: 1985 daAuts
     D:8: 1871 daAuts
     D:3: 1198 daAuts
     D:7: 1171 daAuts
     D:2: 957 daAuts
     D:1: 863 daAuts
     D:5: 385 daAuts
     D:9: 253 daAuts
  Temple: 115 daAuts
